TOP OF THE 1ST |
Phoenix Hotspur U-21 batting - Pitching for Yellowknife Dragonblood : RHP Yura Edel
|
Pitching: RHP Yura Edel
|
|
Batting: RHB Wilson Castillo
|
0-0: Ball 1-0: Foul Ball, location: 2F 1-1: Foul Ball, location: 2F 1-2: Strikes out looking
|
Batting: RHB Shohei Kiyomizu
|
0-0: Ball 1-0: Fly out, F8 (Line Drive, 8RS)
|
Batting: LHB Shojiro Ueda
|
0-0: Fly out, F6 (Line Drive, 6)
|
Top of the 1st over - 0 run(s), 0 hit(s), 0 error(s), 0 left on base; Phoenix 0 - Yellowknife 0 |
BOTTOM OF THE 1ST |
Yellowknife Dragonblood batting - Pitching for Phoenix Hotspur U-21 : RHP George Kuhn
|
Pitching: RHP George Kuhn
|
|
Batting: RHB Miguel Uribe
|
0-0: Called Strike 0-1: Ground out 6-3 (Groundball, 6)
|
Batting: RHB Curt Johnston
|
0-0: Called Strike 0-1: Foul Ball, location: 2F 0-2: Foul Ball, location: 2F 0-2: Foul Ball, location: 2F 0-2: Ball 1-2: Ground out 1-3 (Groundball, 13S)
|
Batting: RHB Ángel Arroyo
|
0-0: Swinging Strike 0-1: Foul Ball, location: 2F 0-2: Strikes out swinging
|
Bottom of the 1st over - 0 run(s), 0 hit(s), 0 error(s), 0 left on base; Phoenix 0 - Yellowknife 0 |
TOP OF THE 2ND |
Phoenix Hotspur U-21 batting - Pitching for Yellowknife Dragonblood : RHP Yura Edel
|
Batting: RHB Alex Niemann
|
0-0: Called Strike 0-1: Ball 1-1: SINGLE (Line Drive, 9S)
|
Batting: LHB Rafael Sánchez
|
0-0: Fly out, F6 (Popup, 6M)
|
Batting: LHB Luis Díaz
|
0-0: Called Strike 0-1: Foul Ball, location: 2F 0-2: Strikes out looking
|
Batting: RHB Pepe Reyes
|
0-0: Called Strike 0-1: Ball 1-1: DOUBLE (Groundball, 5L) Alex Niemann to third Runner from 3rd tries for Home, SAFE, no throw or cutoff
|
Batting: RHB Edolf Middehof
|
0-0: Fly out, F9 (Flyball, 89M)
|
Top of the 2nd over - 1 run(s), 2 hit(s), 0 error(s), 1 left on base; Phoenix 1 - Yellowknife 0 |
BOTTOM OF THE 2ND |
Yellowknife Dragonblood batting - Pitching for Phoenix Hotspur U-21 : RHP George Kuhn
|
Batting: RHB Dave Schroeder
|
0-0: Called Strike 0-1: SINGLE (Line Drive, 56D)
|
Batting: RHB Rodriguo Condea
|
0-0: Ball 1-0: Ball 2-0: Foul Ball, location: 2F 2-1: Swinging Strike 2-2: Strikes out swinging
|
Batting: LHB José Vargas
|
0-0: Foul Ball, location: 2F 0-1: Fly out, F9 (Flyball, 9LM)
|
Batting: RHB Tomás Martínez
|
0-0: Ball 1-0: Ball 2-0: Called Strike 2-1: Ball 3-1: Called Strike 3-2: Base on Balls Dave Schroeder to second
|
Batting: LHB Gonzalo Álvarez
|
0-0: SINGLE (Groundball, 56D) Dave Schroeder to third Tomás Martínez to second Runner from 3rd tries for Home, SAFE, no throw or cutoff
|
Batting: RHB Lloyd Walsh
|
0-0: Ball 1-0: Called Strike 1-1: Ball 2-1: Called Strike 2-2: Strikes out looking
|
Bottom of the 2nd over - 1 run(s), 2 hit(s), 0 error(s), 2 left on base; Phoenix 1 - Yellowknife 1 |
TOP OF THE 3RD |
Phoenix Hotspur U-21 batting - Pitching for Yellowknife Dragonblood : RHP Yura Edel
|
Batting: RHB Carl Tucker
|
0-0: Called Strike 0-1: Ball 1-1: Ball 2-1: Foul Ball, location: 2F 2-2: Strikes out swinging wild pitch, reaches first!
|
Batting: RHB Wilson Castillo
|
0-0: Grounds into double play, 4-6-3 (Groundball, 4)
|
Batting: RHB Shohei Kiyomizu
|
0-0: Ball 1-0: Called Strike 1-1: Ball 2-1: Ball 3-1: Called Strike 3-2: Foul Ball, location: 2F 3-2: SINGLE (Line Drive, 9S)
|
Batting: LHB Shojiro Ueda
|
0-0: Ball Shohei Kiyomizu is caught stealing 2nd base
|
Top of the 3rd over - 0 run(s), 1 hit(s), 0 error(s), 0 left on base; Phoenix 1 - Yellowknife 1 |
BOTTOM OF THE 3RD |
Yellowknife Dragonblood batting - Pitching for Phoenix Hotspur U-21 : RHP George Kuhn
|
Batting: RHB Miguel Uribe
|
0-0: SINGLE (Line Drive, 34D)
|
Batting: RHB Curt Johnston
|
0-0: Ball 1-0: Ball 2-0: Called Strike 2-1: Ball 3-1: Foul Ball, location: 2F 3-2: Ground out 6-3 (Groundball, 6) Miguel Uribe to second
|
Batting: RHB Ángel Arroyo
|
0-0: Ball 1-0: Foul Ball, location: 2F 1-1: Foul Ball, location: 2F 1-2: Ball 2-2: TRIPLE (Flyball, 8LXD) Miguel Uribe scores
|
Batting: RHB Dave Schroeder
|
0-0: Ball 1-0: Swinging Strike 1-1: Swinging Strike 1-2: Ball 2-2: Ball 3-2: Foul Ball, location: 2F 3-2: Fly out, F9 (Popup, 4D)
|
Batting: RHB Rodriguo Condea
|
0-0: Fly out, F8 (Flyball, 8RXD)
|
Bottom of the 3rd over - 1 run(s), 2 hit(s), 0 error(s), 1 left on base; Phoenix 1 - Yellowknife 2 |
TOP OF THE 4TH |
Phoenix Hotspur U-21 batting - Pitching for Yellowknife Dragonblood : RHP Yura Edel
|
Batting: LHB Shojiro Ueda
|
0-0: Called Strike 0-1: Ball 1-1: Ball 2-1: Foul Ball, location: 2F 2-2: Ball 3-2: Base on Balls
|
Batting: RHB Alex Niemann
|
0-0: Ball 1-0: SINGLE (Line Drive, 56D) Shojiro Ueda to second
|
Batting: LHB Rafael Sánchez
|
0-0: Swinging Strike 0-1: Ball 1-1: Called Strike 1-2: Strikes out swinging
|
Batting: LHB Luis Díaz
|
0-0: Called Strike 0-1: Ball 1-1: Foul Ball, location: 2F 1-2: Ball 2-2: Foul Ball, location: 2F 2-2: Strikes out looking
|
Batting: RHB Pepe Reyes
|
0-0: Ball 1-0: Fly out, F9 (Flyball, 89D)
|
Top of the 4th over - 0 run(s), 1 hit(s), 0 error(s), 2 left on base; Phoenix 1 - Yellowknife 2 |
BOTTOM OF THE 4TH |
Yellowknife Dragonblood batting - Pitching for Phoenix Hotspur U-21 : RHP George Kuhn
|
Batting: LHB José Vargas
|
0-0: Fly out, F7 (Flyball, 7D)
|
Batting: RHB Tomás Martínez
|
0-0: Ball 1-0: Called Strike 1-1: Swinging Strike 1-2: Foul Ball, location: 2F 1-2: Ball 2-2: Strikes out swinging
|
Batting: LHB Gonzalo Álvarez
|
0-0: Swinging Strike 0-1: Called Strike 0-2: Foul Ball, location: 2F 0-2: Ball 1-2: Ball 2-2: Ground out 6-3 (Groundball, 6M)
|
Bottom of the 4th over - 0 run(s), 0 hit(s), 0 error(s), 0 left on base; Phoenix 1 - Yellowknife 2 |
TOP OF THE 5TH |
Phoenix Hotspur U-21 batting - Pitching for Yellowknife Dragonblood : RHP Yura Edel
|
Batting: RHB Edolf Middehof
|
0-0: Ball 1-0: Swinging Strike 1-1: SINGLE (Line Drive, 6MD)
|
Batting: RHB Carl Tucker
|
0-0: Sac Bunt - play at first, batter OUT! 5-3 Edolf Middehof to second
|
Batting: RHB Wilson Castillo
|
0-0: Foul Ball, location: 2F 0-1: Ball 1-1: Ball 2-1: Called Strike 2-2: Ball 3-2: Foul Ball, location: 2F 3-2: Base on Balls
|
Batting: RHB Shohei Kiyomizu
|
0-0: Called Strike 0-1: Ball 1-1: Swinging Strike 1-2: Strikes out swinging
|
Pitching: RHP Roy Gartner
|
|
Batting: LHB Shojiro Ueda
|
0-0: Called Strike 0-1: Called Strike 0-2: Ball 1-2: Ball 2-2: SINGLE (Flyball, 8LS) Edolf Middehof to third Wilson Castillo to second Runner from 3rd tries for Home, SAFE, no throw or cutoff
|
Batting: RHB Alex Niemann
|
0-0: Called Strike 0-1: Ball 1-1: Foul Ball, location: 2F 1-2: Ball 2-2: Fly out, F7 (Flyball, 7LM)
|
Top of the 5th over - 1 run(s), 2 hit(s), 0 error(s), 2 left on base; Phoenix 2 - Yellowknife 2 |
BOTTOM OF THE 5TH |
Yellowknife Dragonblood batting - Pitching for Phoenix Hotspur U-21 : RHP George Kuhn
|
Batting: RHB Lloyd Walsh
|
0-0: Ball 1-0: Ball 2-0: Ball 3-0: Base on Balls
|
Batting: RHB Miguel Uribe
|
0-0: Ball 1-0: Swinging Strike 1-1: Swinging Strike 1-2: Strikes out looking
|
Batting: RHB Curt Johnston
|
0-0: Ball 1-0: Foul Ball, location: 2F 1-1: Ball 2-1: Ball 3-1: Base on Balls Lloyd Walsh to second
|
Batting: RHB Ángel Arroyo
|
0-0: Ball 1-0: Ball 2-0: Called Strike 2-1: SINGLE (Groundball, 6MD) (infield hit) Lloyd Walsh to third Curt Johnston to second
|
Batting: RHB Dave Schroeder
|
0-0: Called Strike 0-1: Ball 1-1: Called Strike 1-2: Strikes out swinging
|
Batting: RHB Rodriguo Condea
|
0-0: Called Strike 0-1: Ball 1-1: Called Strike 1-2: SINGLE (Groundball, 56D) Lloyd Walsh scores Curt Johnston to third Ángel Arroyo to second Runner from 3rd tries for Home, SAFE, no throw or cutoff
|
Batting: LHB José Vargas
|
0-0: Called Strike 0-1: Fly out, F9 (Flyball, 9LS)
|
Bottom of the 5th over - 2 run(s), 2 hit(s), 0 error(s), 2 left on base; Phoenix 2 - Yellowknife 4 |
TOP OF THE 6TH |
Phoenix Hotspur U-21 batting - Pitching for Yellowknife Dragonblood : RHP Roy Gartner
|
Batting: LHB Rafael Sánchez
|
0-0: Hit by Pitch
|
Batting: LHB Luis Díaz
|
0-0: Fly out, F8 (Flyball, 8LM)
|
Batting: RHB Pepe Reyes
|
0-0: Called Strike 0-1: Called Strike 0-2: Ball 1-2: Ball 2-2: SINGLE (Line Drive, 8LS) Rafael Sánchez to second Runner from 2nd tries for 3rd, SAFE, no throw or cutoff
|
Batting: RHB Edolf Middehof
|
0-0: Ball 1-0: Ball 2-0: Foul Ball, location: 2F 2-1: Foul Ball, location: 2F 2-2: Foul Ball, location: 2F 2-2: Ball 3-2: Strikes out swinging
|
Batting: RHB Carl Tucker
|
0-0: Foul Ball, location: 2F 0-1: Foul Ball, location: 2F 0-2: Foul Ball, location: 2F 0-2: Ball 1-2: Ball 2-2: Foul Ball, location: 2F 2-2: Ball 3-2: SINGLE (Line Drive, 89S) Rafael Sánchez scores Pepe Reyes to second Pepe Reyes to third
|
Batting: RHB Wilson Castillo
|
0-0: Called Strike 0-1: Swinging Strike 0-2: Fielders Choice at 2nd, 5-4 (Groundball, 5)
|
Top of the 6th over - 1 run(s), 2 hit(s), 0 error(s), 1 left on base; Phoenix 3 - Yellowknife 4 |
BOTTOM OF THE 6TH |
Yellowknife Dragonblood batting - Pitching for Phoenix Hotspur U-21 : RHP George Kuhn
|
Batting: RHB Tomás Martínez
|
0-0: Ball 1-0: Called Strike 1-1: Foul Ball, location: 2F 1-2: Fly out, F8 (Flyball, 8LM)
|
Batting: LHB Gonzalo Álvarez
|
0-0: Ball 1-0: Called Strike 1-1: Foul Ball, location: 2F 1-2: Ball 2-2: Ball 3-2: Fly out, F6 (Popup, 6D)
|
Batting: RHB Lloyd Walsh
|
0-0: Called Strike 0-1: Foul Ball, location: 2F 0-2: Fly out, F7 (Flyball, 78M)
|
Bottom of the 6th over - 0 run(s), 0 hit(s), 0 error(s), 0 left on base; Phoenix 3 - Yellowknife 4 |
TOP OF THE 7TH |
Phoenix Hotspur U-21 batting - Pitching for Yellowknife Dragonblood : RHP Roy Gartner
|
Batting: RHB Shohei Kiyomizu
|
0-0: Called Strike 0-1: Ball 1-1: Swinging Strike 1-2: Strikes out looking
|
Batting: LHB Shojiro Ueda
|
0-0: Ball 1-0: Foul Ball, location: 2F 1-1: Swinging Strike 1-2: Strikes out swinging
|
Batting: RHB Alex Niemann
|
0-0: Called Strike 0-1: Foul Ball, location: 2F 0-2: Ball 1-2: Foul Ball, location: 2F 1-2: Ball 2-2: Fly out, F8 (Flyball, 8RM)
|
Top of the 7th over - 0 run(s), 0 hit(s), 0 error(s), 0 left on base; Phoenix 3 - Yellowknife 4 |
BOTTOM OF THE 7TH |
Yellowknife Dragonblood batting - Pitching for Phoenix Hotspur U-21 : RHP George Kuhn
|
Batting: RHB Miguel Uribe
|
0-0: Foul Ball, location: 2F 0-1: Ground out 4-3 (Groundball, 34)
|
Batting: RHB Curt Johnston
|
0-0: SOLO HOME RUN (Flyball, 78XD), Distance : 419 ft
|
Pitching: RHP Loeck Visser
|
|
Batting: RHB Ángel Arroyo
|
0-0: Called Strike 0-1: Ball 1-1: Ball 2-1: SINGLE (Groundball, 6MD) (infield hit)
|
Batting: RHB Dave Schroeder
|
0-0: Ball 1-0: Foul Ball, location: 2F 1-1: Ball 2-1: Ball 3-1: Foul Ball, location: 2F 3-2: Foul Ball, location: 2F 3-2: SINGLE (Groundball, 56D) Ángel Arroyo to second
|
Batting: RHB Rodriguo Condea
|
0-0: Ball 1-0: Called Strike 1-1: Grounds into double play, 6-4-3 (Groundball, 6)
|
Bottom of the 7th over - 1 run(s), 3 hit(s), 0 error(s), 1 left on base; Phoenix 3 - Yellowknife 5 |
TOP OF THE 8TH |
Phoenix Hotspur U-21 batting - Pitching for Yellowknife Dragonblood : RHP Roy Gartner
|
Pitching: LHP Roberto Cabrera
|
|
Batting: LHB Rafael Sánchez
|
0-0: Called Strike 0-1: Swinging Strike 0-2: Foul Ball, location: 2F 0-2: Ball 1-2: Ball 2-2: Strikes out swinging
|
Batting: LHB Luis Díaz
|
0-0: Called Strike 0-1: Ground out 3-1 (Groundball, 3L)
|
Batting: RHB Pepe Reyes
|
0-0: Ball 1-0: Ball 2-0: Ball 3-0: Base on Balls
|
Pitching: RHP Pedro Lara
|
|
Batting: RHB Edolf Middehof
|
0-0: Foul Ball, location: 2F 0-1: Swinging Strike 0-2: Ground out 4-3 (Groundball, 13)
|
Top of the 8th over - 0 run(s), 0 hit(s), 0 error(s), 1 left on base; Phoenix 3 - Yellowknife 5 |
BOTTOM OF THE 8TH |
Yellowknife Dragonblood batting - Pitching for Phoenix Hotspur U-21 : RHP Loeck Visser
|
Batting: LHB José Vargas
|
0-0: Swinging Strike 0-1: Called Strike 0-2: Ball 1-2: Fly out, F8 (Flyball, 8LM)
|
Batting: RHB Tomás Martínez
|
0-0: Foul Ball, location: 2F 0-1: Called Strike 0-2: Ball 1-2: Ball 2-2: Foul Ball, location: 2F 2-2: Foul Ball, location: 2F 2-2: Foul Ball, location: 2F 2-2: Foul Ball, location: 2F 2-2: Ball 3-2: Foul Ball, location: 2F 3-2: Strikes out swinging
|
Batting: LHB Gonzalo Álvarez
|
0-0: Swinging Strike 0-1: Ball 1-1: Foul Ball, location: 2F 1-2: Ball 2-2: SINGLE (Flyball, 89S)
|
Batting: RHB Lloyd Walsh
|
0-0: Ball 1-0: Ball 2-0: Called Strike 2-1: Fielders Choice at 2nd, U6 (Groundball, 6MD)
|
Bottom of the 8th over - 0 run(s), 1 hit(s), 0 error(s), 1 left on base; Phoenix 3 - Yellowknife 5 |
TOP OF THE 9TH |
Phoenix Hotspur U-21 batting - Pitching for Yellowknife Dragonblood : RHP Pedro Lara
|
Pitching: RHP Roberto Nieves
|
|
Batting: RHB Carl Tucker
|
0-0: Called Strike 0-1: Foul Ball, location: 2F 0-2: Strikes out swinging
|
Batting: RHB Wilson Castillo
|
0-0: Called Strike 0-1: Ball 1-1: Foul Ball, location: 2F 1-2: Ball 2-2: Foul Ball, location: 2F 2-2: Fly out, F9 (Flyball, 9LM)
|
Batting: RHB Shohei Kiyomizu
|
0-0: Ball 1-0: Swinging Strike 1-1: Ball 2-1: Ball 3-1: Called Strike 3-2: Ground out U3 (Groundball, 3)
|
Top of the 9th over - 0 run(s), 0 hit(s), 0 error(s), 0 left on base; Phoenix 3 - Yellowknife 5 |
|